 Dungeon Crawl Stone Soup version 0.29.1-1-gd02db69 (webtiles) character file.

Game seed: 15604695045407084934

224 FineSilver the Conjurer (level 5, -4/28 HPs)
             Began as a Deep Elf Conjurer on Mar 5, 2023.
             Shot with an arrow by a centaur (9 damage)
             ... on level 3 of the Dungeon.
             The game lasted 00:10:52 (3088 turns).

FineSilver the Conjurer (Deep Elf Conjurer)         Turns: 3088, Time: 00:10:52

Health: -4/28      AC:  7    Str:  4    XL:     5   Next: 67%
Magic:  11/13      EV:  9    Int: 31    God:
Gold:   125        SH:  0    Dex: 13    Spells: 10/13 levels left

rFire   . . .      SeeInvis .   g - +0 dagger
rCold   . . .      Faith    .   (no shield)
rNeg    . . .      Spirit   .   k - +0 ring mail
rPois   .          Reflect  .   e - +0 helmet
rElec   .          Harm     .   (no cloak)
rCorr   .          Rampage  .   (no gloves)
Will    .....                   s - +0 pair of boots
Stlth   +.........              o - amulet of the acrobat
HPRegen 0.09/turn               l - +6 ring of intelligence
MPRegen 0.13/turn               (no ring)

@: no status effects
A: no striking features
a: no special abilities


You were on level 3 of the Dungeon.
You visited 1 branch of the dungeon, and saw 3 of its levels.

You collected 125 gold pieces.

Inventory:

Hand Weapons
 g - a +0 dagger (weapon)
Missiles
 p - 6 javelins
 q - 2 curare-tipped darts
Armour
 e - a +0 helmet (worn)
 k - a +0 ring mail (worn)
 s - a +0 pair of boots (worn)
Jewellery
 l - a +6 ring of intelligence (left hand)
 o - an amulet of the acrobat (around neck)
Scrolls
 a - a scroll of enchant weapon {unknown}
 d - 2 scrolls of immolation
 i - 2 scrolls of poison {unknown}
 r - a scroll of teleportation {unknown}
Potions
 b - a potion of magic
 c - 3 potions of curing {unknown}
 f - a potion of experience {unknown}
 h - a potion of attraction {unknown}
 j - a potion of mutation {unknown}
 m - a potion of degeneration {unknown}
 n - 2 potions of invisibility {unknown}


   Skills:
 * Level 1.4 Short Blades
 + Level 0.6 Armour
 + Level 2.8 Dodging
 + Level 2.6 Stealth
 + Level 4.5 Spellcasting
 + Level 6.1 Conjurations
 * Level 2.2 Hexes


You had 10 spell levels left.
You knew the following spells:

 Your Spells              Type           Power      Damage    Failure   Level
a - Magic Dart            Conj           100%       1d8       2%          1
b - Searing Ray           Conj           88%        2d7       4%          2

Your spell library contained the following spells:

 Spells                   Type           Power      Damage    Failure   Level
 Dazzling Flash           Conj/Hex       64%        N/A       19%         3
 Ensorcelled Hibernation  Hex/Ice        28%        N/A       32%         2
 Fulminant Prism          Conj/Hex       16%        3d11      52%         4
 Iskenderun's Mystic Bla  Conj/Tloc      25%        2d7       67%         4
 Frozen Ramparts          Ice            14%        1d3       71%         3
 Spider Form              Tmut/Pois      7%         N/A       71%         3
 Anguish                  Hex/Necr       7%         N/A       91%         4
 Ice Form                 Ice/Tmut       7%         N/A       98%         4
 Summon Ice Beast         Ice/Summ       7%         N/A       98%         4


Dungeon Overview and Level Annotations

Branches:
Dungeon (3/15)

Altars:


Message History

You see here a hobgoblin skeleton.
Aiming: Magic Dart (safe; 2% risk of failure)
Press: ? - help, Q - select action, (/) - cycle Shift-Dir - straight line, f - goblin
Aim: a goblin, wielding a +0 club (100% to hit)
The magic dart hits the goblin.
You kill the goblin!
Aiming: Magic Dart (safe; 2% risk of failure)
Press: ? - help, Q - select action, (/) - cycle Shift-Dir - straight line, f - goblin
Aim: a goblin, wielding a +0 dagger (100% to hit)
The magic dart hits the goblin.
The goblin is moderately wounded.
Aiming: Magic Dart (safe; 2% risk of failure)
Press: ? - help, Q - select action, (/) - cycle Shift-Dir - straight line, f/p - goblin
Aim: a goblin, wielding a +0 dagger (moderately wounded, 100% to hit)
The magic dart hits the goblin.
You kill the goblin!
Things that are here:
a +0 dagger; a goblin corpse You see here a hobgoblin skeleton.
There is an open gate here.
The goblin shouts!
The goblin shoots a sling bullet.
The sling bullet completely misses you.
The centaur wields a +0 shortbow.
The centaur shoots an arrow.
The arrow misses you.
You hear a shout!
Aiming: Magic Dart (safe; 2% risk of failure)
Press: ? - help, Q - select action, (/) - cycle Shift-Dir - straight line, f - goblin
Aim: a goblin, wielding a +0 sling (100% to hit)
The magic dart hits the goblin.
You kill the goblin!
The centaur shoots an arrow.
The arrow hits you!
Aiming: Magic Dart (safe; 2% risk of failure)
Press: ? - help, Q - select action, (/) - cycle Shift-Dir - straight line, f - centaur
Aim: a centaur, wielding a +0 shortbow (100% to hit)
The magic dart hits the centaur.
The centaur is lightly wounded.
The centaur shoots an arrow.
The arrow hits you!
* * * LOW HITPOINT WARNING * * *
The centaur shoots an arrow.
The arrow hits you!
You die...

##≈≈.. #≈≈≈. ....
##≈≈≈ c...
#≈≈#########..#
###≈≈#.÷........#
#....'....).....#
##..).'..........#
###.....'......÷...#
##.÷.##≈≈#......@...#
#.)####≈≈#########g.#
#.## ##≈≈≈ .# #.#
#≈≈≈. # ..# ##≈≈..#
##### ..#
≈≈..#####...# ..#
≈≈..........# ..#
........### ..#
≈≈≈≈≈≈≈≈≈≈


You could see a centaur and a goblin.

Vanquished Creatures
  A scorpion (D:3)
  A jelly (D:3)
  4 gnolls
  2 adders (D:3)
  5 worms
  2 dart slugs
  4 orcs (D:3)
  5 bats
  2 endoplasms (D:1)
  2 giant cockroaches
  7 goblins
  2 hobgoblins
  5 jackals
  A quokka (D:2)
  3 ball pythons
  A frilled lizard (D:1)
  7 kobolds
  4 rats
58 creatures vanquished.

Notes
Turn   | Place    | Note
-------+----------+-------------------------------------------
     0 | D:1      | FineSilver the Deep Elf Conjurer began the quest for the
                  | Orb.
     0 | D:1      | Reached XP level 1. HP: 10/10 MP: 6/6
    83 | D:1      | Found a faded altar of an unknown god.
   214 | D:1      | Reached XP level 2. HP: 15/15 MP: 5/8
   390 | D:1      | Reached skill level 5 in Conjurations
   467 | D:1      | Learned a level 2 spell: Searing Ray
   793 | D:1      | Reached XP level 3. HP: 19/19 MP: 6/9
  2072 | D:3      | Reached XP level 4. HP: 20/24 MP: 5/11
  2163 | D:3      | Reached skill level 1 in Short Blades
  2163 | D:3      | Reached skill level 1 in Hexes
  2349 | D:3      | Reached XP level 5. HP: 28/28 MP: 8/13
  2840 | D:3      | Reached skill level 6 in Conjurations
  3044 | D:3      | Noticed a centaur
  3088 | D:3      | Shot with an arrow by a centaur

Illustrated notes

Levels and vault maps discovered:
D:1:      dpeg_arrival_brainrot, layout_loops_corners,
          hellmonk_ecumenical_altar_blasted, chequers_mini_garden
D:2:      layout_rooms
D:3:      kennysheep_goblin_castle, layout_basic

Skill      XL: |  1  2  3  4  5 |
---------------+----------------+-----
Conjurations   | 5 6 |  6.1
Short Blades   | 1 |  1.4
Hexes          | 1 2 |  2.2
Spellcasting   | 4 |  4.5
Armour         | |  0.6
Dodging        | |  2.8
Stealth        | |  2.6

Action                   |  1- 3 |  4- 6 || total
-------------------------+-------+-------++-------
Melee: Dagger            |    14 |       ||    14
 Cast: Magic Dart        |    64 |    42 ||   106
       Searing Ray       |     3 |     5 ||     8
Armor: Ring mail         |    12 |     3 ||    15
Dodge: Dodged            |    12 |     7 ||    19
